Map: Golden Wall LE

Players

Nina - Winner!

  • Race: Protoss Protoss
  • League: Grandmaster
  • Spawn Location: 5:00

Vindicta

  • Race: Terran Terran
  • League: Master
  • Spawn Location: 7:00

Event: DreamHack SC2 Masters 2020 Summer North America

VOD

Have the link to the VOD?

Description

Time

  • Played on: July 2, 2020, 5:57 p.m.
  • Length: 11:33

All games in this series

Show
View Real Time Build Order
Export as new Build Order

Nina Protoss - Winner!

Build Orders: 1 Gate Expand, Phoenix Opening 

Get SALT Encoding   

  12  0:00  Probe  
  13  0:12  Probe  
  14  0:18  Pylon  
  14  0:24  Probe  
  15  0:32  Probe  
  15  0:38  Gateway  
  15  0:40  Probe  
  16  0:47  Assimilator  
  17  0:51  Probe  
  18  1:03  Probe  
  19  1:15  Probe  
  20  1:27  Cybernetics Core  
  20  1:35  Nexus  
  20  1:37  Probe  
  21  1:47  Pylon  
  21  1:49  Probe  
  21  1:54  Assimilator  
  22  1:55  Adept  
  22  2:01  Probe  
  25  2:13  Probe  
  26  2:17  Adept  
  26  2:21  Stargate  
  26  2:26  Probe  
  29  2:36  Warp Gate  
  29  2:38  Probe  
  30  2:47  Adept  
  30  2:48  Probe  
  30  2:50  Probe  
  34  2:58  Phoenix  
  34  3:00  Probe  
  34  3:02  Probe  
  36  3:12  Probe  
  39  3:14  Probe  
  40  3:21  Pylon  
  40  3:24  Probe  
  40  3:26  Probe  
  42  3:27  Phoenix  
  42  3:32  Probe  
  44  3:38  Probe  
  44  3:40  Probe  
  45  3:50  Probe  
  45  3:51  Gateway, Probe  
  45  3:52  Phoenix  
  45  3:53  Assimilator  
  49  4:00  Assimilator  
  49  4:02  Pylon, Probe  
  50  4:03  Probe  
  51  4:13  Phoenix  
  51  4:14  Probe  
  51  4:15  Probe  
  51  4:16  Gateway  
  53  4:20  Robotics Facility  
  55  4:27  Probe  
  55  4:28  Adept, Probe  
  59  4:38  Phoenix, Pylon  
  59  4:39  Probe  
  62  4:47  Forge  
  62  4:55  Probe  
  62  4:59  Probe  
  63  5:03  Phoenix  
  65  5:12  Nexus, Pylon  
  65  5:14  Observer  
  66  5:15  Robotics Bay  
  66  5:22  Sentry  
  66  5:27  Immortal  
  68  5:30  Pylon  
  68  5:31  Protoss Ground Weapons Level 1  
  68  5:36  Probe  
  68  5:38  Sentry  
  68  5:40  Probe  
  76  5:48  Probe, Zealot x2  
  81  5:52  Shield Battery, Probe  
  81  5:56  Gateway, Immortal  
  82  6:11  Pylon  
  86  6:15  Gateway  
  86  6:18  Twilight Council  
  86  6:22  Gateway  
  86  6:24  Colossus, Probe x2  
  88  6:28  Sentry  
  88  6:29  Probe  
  91  6:36  Observer  
  91  6:39  Probe  
  98  6:41  Probe  
  98  6:42  Probe  
  98  6:47  Extended Thermal Lance  
  100  6:51  Probe  
  100  6:53  Pylon, Probe  
  101  6:57  Probe  
  101  7:00  Charge  
  103  7:02  Probe  
  103  7:04  Probe  
  105  7:10  Probe  
  105  7:13  Colossus  
  105  7:15  Probe  
  107  7:16  Nexus, Probe  
  107  7:18  Forge  
  108  7:26  Protoss Ground Weapons Level 2  
  108  7:27  Probe  
  108  7:28  Probe  
  116  7:33  Pylon  
  116  7:35  Pylon  
  116  7:37  Assimilator  
  116  7:39  Pylon  
  116  7:40  Probe  
  116  7:41  Protoss Ground Armor Level 1, Assimilator  
  117  7:49  Gateway  
  117  7:53  Pylon  
  115  8:06  Observer  
  115  8:09  Colossus  
  113  8:19  Probe  
  112  8:21  Zealot x6  
  112  8:23  Probe  
  112  8:24  Pylon  
  131  8:31  Blink  
  131  8:32  Gateway  
  131  8:33  Templar Archives, Probe  
  131  8:34  Probe  
  133  8:36  Pylon  
  133  8:37  Pylon  
  133  8:38  Probe  
  134  8:43  Gateway  
  134  8:44  Probe  
  134  8:45  Probe  
  136  8:48  Photon Cannon  
  136  8:50  Photon Cannon, Probe x2  
  138  8:56  Probe  
  138  8:57  Probe  
  140  9:03  Colossus  
  146  9:10  Psionic Storm  
  146  9:15  Zealot x3  
  146  9:16  Zealot x3  
  158  9:19  Assimilator  
  158  9:21  Assimilator  
  158  9:23  Gravitic Drive  
  158  9:29  Photon Cannon  
  158  9:37  Gateway, Probe  
  157  9:52  High Templar x4  
  165  9:54  Shield Battery  
  165  9:55  Photon Cannon  
  165  9:56  Zealot x5  
  165  9:57  Photon Cannon  
  175  10:03  Photon Cannon  
  173  10:17  Zealot x5  
  179  10:21  Pylon  
  179  10:23  Pylon  
  179  10:31  Archon  
  179  10:32  Archon  
  163  10:43  Stalker  
  163  10:45  Zealot  
  157  10:52  Zealot x4  
  157  10:53  Pylon  
  157  10:54  Shield Battery  
  165  11:08  Nexus  
  165  11:10  Pylon  
  165  11:14  Pylon  
  161  11:32  Nexus  
Show
View Real Time Build Order
Export as new Build Order

Vindicta Terran 

Build Orders: Reaper Expand 

Get SALT Encoding   

  12  0:00  SCV  
  13  0:12  SCV  
  14  0:18  Supply Depot  
  14  0:24  SCV  
  15  0:39  SCV  
  15  0:40  Barracks  
  16  0:44  Refinery  
  16  0:51  SCV  
  17  1:03  SCV  
  18  1:15  SCV  
  19  1:27  Reaper  
  19  1:28  Orbital Command  
  20  1:49  Command Center  
  20  1:55  Supply Depot  
  20  1:59  Marine  
  21  2:02  SCV  
  22  2:14  SCV  
  23  2:17  Factory  
  23  2:20  Barracks Reactor  
  23  2:24  Bunker  
  23  2:26  SCV  
  24  2:31  Refinery  
  24  2:38  SCV  
  25  2:50  SCV  
  26  3:00  Marine x2  
  26  3:01  Starport, Hellion  
  26  3:04  SCV  
  30  3:12  Orbital Command  
  30  3:18  Marine x2  
  31  3:30  Factory Tech Lab  
  31  3:32  SCV  
  32  3:36  Marine x2  
  35  3:41  Supply Depot  
  35  3:44  SCV  
  35  3:47  Viking  
  36  3:50  Cyclone  
  36  3:54  SCV  
  36  3:55  Marine  
  41  3:57  SCV  
  41  4:02  Marine  
  43  4:06  SCV  
  44  4:10  SCV  
  44  4:15  Supply Depot  
  45  4:18  SCV  
  45  4:22  Viking  
  45  4:23  Cyclone, SCV  
  52  4:29  Supply Depot  
  52  4:30  SCV  
  53  4:31  Marine  
  53  4:36  Marine  
  55  4:39  SCV  
  55  4:42  SCV  
  57  4:51  SCV  
  58  4:59  SCV  
  59  5:03  SCV  
  59  5:06  Command Center  
  60  5:11  SCV  
  59  5:14  Factory Tech Lab  
  59  5:15  SCV, Barracks  
  59  5:17  Barracks  
  59  5:20  Stimpack  
  60  5:23  SCV  
  60  5:25  Starport Reactor  
  60  5:27  Marauder  
  60  5:28  SCV  
  64  5:35  SCV  
  64  5:39  Refinery  
  64  5:40  Refinery, SCV  
  65  5:46  Supply Depot  
  65  5:47  SCV  
  66  5:51  Factory Tech Lab  
  66  5:52  Engineering Bay x2, SCV  
  67  5:59  SCV  
  67  6:00  Marauder  
  67  6:03  Supply Depot  
  70  6:08  SCV  
  71  6:12  Combat Shield, SCV  
  71  6:14  Siege Tank, Marauder, Marine  
  78  6:18  Terran Infantry Weapons Level 1, Terran Infantry Armor Level 1  
  78  6:24  Orbital Command  
  79  6:26  Marine  
  79  6:29  Marauder  
  79  6:31  SCV x2  
  83  6:36  Supply Depot  
  83  6:37  Medivac  
  83  6:38  Medivac  
  87  6:41  Marauder  
  87  6:46  Missile Turret  
  89  6:47  Marine  
  89  6:48  Missile Turret  
  89  6:49  Marine  
  89  6:52  Marine  
  92  6:56  Siege Tank  
  92  6:58  SCV  
  96  7:01  Supply Depot  
  96  7:03  Marine  
  96  7:05  Marine  
  96  7:06  Concussive Shells  
  99  7:08  SCV  
  99  7:10  SCV  
  99  7:11  Orbital Command  
  99  7:14  Marine  
  99  7:15  Marauder  
  103  7:20  Supply Depot  
  104  7:25  Marauder, SCV  
  106  7:34  SCV, Barracks  
  106  7:35  Barracks  
  106  7:38  Siege Tank  
  106  7:40  SCV  
  111  7:48  Ghost Academy  
  111  7:50  SCV  
  111  7:53  Supply Depot  
  111  7:54  Marine  
  111  7:55  Supply Depot  
  111  7:57  SCV  
  112  8:03  Marine  
  108  8:12  SCV  
  108  8:13  SCV x2  
  108  8:15  Supply Depot  
  108  8:18  Enhanced Shockwaves  
  108  8:19  Ghost  
  107  8:25  Sensor Tower, Barracks Reactor, Barracks Tech Lab  
  109  8:32  Supply Depot  
  109  8:36  Siege Tank, SCV x2, Ghost  
  116  8:43  SCV  
  116  8:44  Supply Depot  
  117  8:54  Marauder x2, Supply Depot, Medivac x2  
  125  8:59  Supply Depot  
  125  9:01  Supply Depot  
  125  9:05  Marine x3, SCV x3  
  125  9:06  Marauder  
  125  9:09  Marine  
  130  9:15  Refinery, Marauder  
  130  9:16  Refinery, Marauder  
  135  9:20  SCV x2  
  135  9:23  Siege Tank, Marine x3  
  143  9:26  Medivac  
  143  9:27  Marauder, Marine  
  148  9:32  Medivac  
  148  9:35  SCV  
  148  9:36  Missile Turret  
  148  9:37  Marine  
  153  9:41  Marine x2  
  153  9:43  Marine  
  153  9:45  Marine  
  156  9:49  Supply Depot  
  156  9:50  Supply Depot  
  156  9:51  Supply Depot, SCV  
  156  9:52  SCV  
  156  9:55  Marine  
  156  9:56  Supply Depot  
  157  10:03  Marine, SCV  
  157  10:04  Marauder  
  157  10:06  Siege Tank  
  163  10:12  Marauder, Marine  
  163  10:13  Marauder  
  166  10:19  Marine  
  165  10:25  Marine  
  163  10:31  Marauder  
  150  10:36  Orbital Command  
  128  11:02  Orbital Command  
  128  11:05  Supply Depot x2  
  128  11:07  Supply Depot  
  125  11:20  SCV  
Tags
 
Add a new tag
Caveats
  • Supply blocks, unpowered buildings, or Contaminate may cause inaccurate times.
  • Supply counts are checked every 10 seconds.